 Dungeon Crawl Stone Soup version 0.30-b1-2-g02819fbbbe (webtiles) character file.

Game seed: 3447244300063394282

171 LLlMATKO the Chopper (level 5, -1/70 HPs)
             Began as a Minotaur Berserker on Aug 23, 2023.
             Was a Believer of Trog.
             Succumbed to a gnoll's poison
             ... on level 4 of the Dungeon.
             The game lasted 00:01:45 (2518 turns).

LLlMATKO the Chopper (Minotaur Berserker)           Turns: 2518, Time: 00:01:46

Health: -1/70      AC: 15    Str: 29    XL:     5   Next: 26%
Magic:  4/4        EV:  8    Int:  4    God:    Trog [**....]
Gold:   181        SH:  5    Dex: 10    Spells: 4/4 levels left

rFire   . . .        a - +0 hand axe
rCold   . . .        (no shield)
rNeg    . . .        i - +0 plate armour
rPois   .            (helmet restricted)
rElec   .            (no cloak)
rCorr   .            (no gloves)
SInv    .            (no boots)
Will    .....        q - amulet of reflection Stlth
                     j - +4 ring of protection
HPRegen 0.31/turn    k - +6 ring of strength
MPRegen 0.09/turn

%: reflection
@: berserking, lethally poisoned (-1 -> -16), weakened, very quick
A: horns 2, retaliatory headbutt
a: Renounce Religion, Berserk, Trog's Hand


You were on level 4 of the Dungeon.
You worshipped Trog.
Trog was pleased with you.
You visited 1 branch of the dungeon, and saw 4 of its levels.

You collected 181 gold pieces.

Inventory:

Hand Weapons
 a - a +0 hand axe (weapon)
Missiles
 w - 4 javelins (quivered)
Armour
 h - a +0 ring mail of fire resistance
 i - a +0 plate armour (worn)
Jewellery
 j - a +4 ring of protection (left hand)
 k - a +6 ring of strength (right hand)
 l - a ring of protection from fire
 q - an amulet of reflection (around neck)
Wands
 t - a wand of paralysis (10)
Scrolls
 d - a scroll of fog {unknown}
 e - 3 scrolls of identify {unknown}
 g - a scroll of vulnerability {unknown}
 n - 3 scrolls of acquirement {unknown}
 o - a scroll of magic mapping {unknown}
 p - a scroll of poison {unknown}
 s - 2 scrolls of noise {unknown}
 u - a scroll of fear {unknown}
Potions
 b - 2 potions of haste {unknown}
 c - a potion of resistance {unknown}
 f - 2 potions of cancellation {unknown}
 m - 2 potions of lignification {unknown}
 r - a potion of degeneration {unknown}
 v - a potion of magic {unknown}


   Skills:
 + Level 4.8 Fighting
 + Level 4.8 Axes
 + Level 3.9 Armour
 + Level 3.4 Dodging


You had 4 spell levels left.
You didn't know any spells.
Your spell library was empty.

Dungeon Overview and Level Annotations

Branches:
Dungeon (4/15)
 Temple: D:4-7

Altars:
Qazlal
Vehumet

Shops:
D:1 *


Innate Abilities, Weirdness & Mutations

You have a pair of horns on your head.
You reflexively headbutt those who attack you in melee.


Message History

The gnoll is severely wounded.
You hit the gnoll bouda.
You kill the gnoll bouda!
Trog accepts your kill.
You hit the gnoll.
You kill the gnoll!
Trog accepts your kill.
You barely miss the gnoll. You hit the gnoll.
* * * LOW HITPOINT WARNING * * *
You feel very sick. The gnoll hits you but does no damage.
You are more poisoned.
The gnoll completely misses you.
You have reached level 5!
You barely miss the gnoll. You headbutt the gnoll.
You kill the gnoll!
Trog accepts your kill.
You hit the gnoll.
You kill the gnoll!
Trog accepts your kill.
You hit the gnoll but do no damage.
* * * LOW HITPOINT WARNING * * *
You feel very sick. The gnoll closely misses you.
Unknown command.
You barely miss the gnoll. Your headbutt misses the gnoll.
The gnoll is heavily wounded.
* * * LOW HITPOINT WARNING * * *
You feel very sick. The gnoll hits you but does no damage.
Unknown command.
You hit the gnoll.
The gnoll is severely wounded.
* * * LOW HITPOINT WARNING * * *
You feel very sick.
Unknown command.
You slash the gnoll!
You kill the gnoll!
Trog accepts your kill.
You die...

#............#
#............#
#............+
#............#
#............#
#............#
#......)))...#
#.).....@)...#
#......<))..!#
##############


There were no monsters in sight!

Vanquished Creatures
  A gnoll bouda (D:4)
  4 gnolls (D:4)
  4 adders
  A worm (D:2)
  3 dart slugs
  13 endoplasms
  4 goblins
  3 hobgoblins
  3 quokkas (D:3)
  7 ball pythons
  5 bats
  6 frilled lizards (D:1)
  9 kobolds
  11 rats
74 creatures vanquished.

Notes
Turn   | Place    | Note
-------+----------+-------------------------------------------
     0 | D:1      | LLlMATKO the Minotaur Berserker began the quest for the
                  | Orb.
     0 | D:1      | Reached XP level 1. HP: 19/19 MP: 0/0
   143 | D:1      | Reached XP level 2. HP: 17/27 MP: 1/1
   464 | D:1      | Reached XP level 3. HP: 33/33 MP: 2/2
   639 | D:1      | Reached ** piety under Trog
   676 | D:1      | Found Wumokk's Assorted Antiques.
   876 | D:2      | Found a faded altar of an unknown god.
  1029 | D:2      | Reached XP level 4. HP: 40/40 MP: 3/3
  1877 | D:3      | Found a stormy altar of Qazlal.
  1894 | D:3      | Found a radiant altar of Vehumet.
  2515 | D:4      | Reached XP level 5. HP: 13/47 MP: 4/4
  2517 | D:4      | HP: 1/70 [poisoned by a gnoll]
  2518 | D:4      | Succumbed to a gnoll's poison

Illustrated notes

Levels and vault maps discovered:
D:1:      minmay_arrival_radiant_lines, layout_basic, serial_shops, shop
D:2:      layout_basic, nicolae_ecumenical_snake_handling, st_stairs_9
D:3:      layout_loops_corners, mainiacjoe_overflow_tiny_flanked,
          vehumet_crystals
D:4:      layout_basic, temple_fountains, corexii_checkpoint_a,
          uniq_blork_the_orc

Skill      XL: |  1  2  3  4 |
---------------+-------------+-----
Fighting       | 4 |  4.8
Axes           | 4 |  4.8
Armour         | 3 |  3.9
Dodging        | 3 |  3.4

Action                     |  1- 3 |  4- 6 || total
---------------------------+-------+-------++-------
  Melee: Hand axe          |    71 |    45 ||   116
         Headbutt          |     9 |     9 ||    18
 Invoke: Berserk           |     1 |     1 ||     2
 Armour: Animal skin       |     6 |       ||     6
         Ring mail         |     3 |       ||     3
         Plate armour      |    21 |    19 ||    40
  Dodge: Dodged            |    35 |    30 ||    65
  Block: Other             |       |    11 ||    11
